AoeStats
← Ockda_Nakis

Arabian Desert

510097568Analyzed
1v1 RM · 1d ago on Sep 29, 2026· 30m 39s· 2 players
Game mode
Random Map
Map size
Tiny (2 player)
Population
200
Speed
Normal
Resources
Standard
Victory
Conquest
Starting age
Dark Age
Ending age
Imperial Age
RankedLock teamsTeams togetherTeam positionsShared explorationLock speedFull tech treeHidden civsTurbo modeCheats
Victory
Defeat
🇪🇸 Magyars · Spain
1104
+18
🇨🇳 Varangians · China
1140
-18
Ockda_Nakis
6:29 Loom
9:26 Feudal Age
10:22 Double-Bit Axe
19:32 Town Watch
22:21 Castle Age
21:49 Horse Collar
22:22 Fletching
23:14 Bloodlines
23:04 Husbandry
27:04 Thumb Ring
28:34 Gold Mining
31:08 Bodkin Arrow
532948872
11:18 Feudal Age
12:15 Loom
13:23 Town Watch
15:15 Double-Bit Axe
17:40 Gold Mining
20:12 Castle Age
18:33 Fletching
20:27 Scale Mail Armor
21:06 Squires
26:04 Forging
27:21 Wheelbarrow
27:04 Gambesons
27:07 Arson
Connection lost

Rejoining the realm…

Still unreachable

The connection could not be restored.

Session expired

The server has moved on; the page needs a fresh start.